Description

Economic build, using hellions for map control to deny creep while macroing up to 3/1/1 with 3cc. From here Inno would usually do a 1/1 timing with marine tank while going up to 8 rax and then parade pushing with 2/2 and so on.

VOD

https://www.youtube.com/watch?v=94Ck-JPkp9w

Build Order

Get SALT Encoding   

  14  0:16  Supply Depot  
  16  0:36  Barracks  
  16  0:37  Refinery  
  20  1:28  Orbital Command  
  20  1:38  Command Center  
  22  2:05  Supply Depot  
  23  2:18  Factory  
  23  2:19  Refinery  
  24  2:20  Barracks Reactor  no marine production
  26  2:52  Starport  
  27  2:54  Barracks Tech Lab  switch factory, barracks
  31  3:13  Supply Depot  
  36  3:20  Barracks Tech Lab  still no marine production
  40  3:25  Viking  
  48  3:43  Stimpack  
  51  4:00  Liberator  
  55  4:14  Command Center  
  57  4:18  Barracks x2  start marine production ~4:40
  62  4:40  Engineering Bay x2  
  64  4:45  Siege Tank  
  62  4:55  Refinery x2  
Spawning Tool Build Advisor. Get it on Overwolf

Go to:

Details

  • Created by: ANTI   
  • Published on: Sep 05, 2018
  • Modified on: Sep 15, 2018
  • Patch: 4.0.0
Show
View Real Time Build Order
Export as new Build Order

Comments (0)

There are no comments. Be the first!

Create an account to comment!